 Dungeon Crawl Stone Soup version 0.27.0-1-g7a089689b8 (webtiles) character file.

Game seed: 17107298475534921027

257 shoop the Chiller (level 5, -5/38 HPs)
             Began as a Draconian Ice Elementalist on Aug 14, 2021.
             Was an Initiate of Gozag.
             Slain by a wyvern skeleton (6 damage)
             ... on level 5 of the Dungeon.
             The game lasted 00:04:49 (2114 turns).

shoop the Chiller (Draconian Ice Elementalist)      Turns: 2114, Time: 00:04:50

Health: -5/38      AC:  5    Str: 11    XL:     5   Next: 93%
Magic:  10/10      EV: 12    Int: 16    God:    Gozag
Gold:   163        SH:  0    Dex: 11    Spells: 7/11 levels left

rFire    . . .     SeeInvis .   l - +1 glaive (vamp)
rCold    . . .     Faith    .   (shield currently unavailable)
rNeg     . . .     Spirit   .   (armour unavailable)
rPois    +         Reflect  .   (helmet restricted)
rElec    .         Harm     .   (no cloak)
rCorr    .         Rampage  .   (no gloves)
Will     +....                  (no boots)
Stlth    ++........             (no amulet)
HPRegen  0.12/turn              g - ring of willpower
MPRegen  0.12/turn              k - ring of poison resistance

@: no status effects
A: AC +5, unfitting armour, cold-blooded
a: Renounce Religion, Potion Petition, Call Merchant, Bribe Branch


You were on level 5 of the Dungeon.
You worshipped Gozag.
Gozag was aware of your devotion.
You visited 1 branch of the dungeon, and saw 5 of its levels.

You collected 204 gold pieces.
You paid 41 gold pieces to Gozag.

Inventory:

Hand Weapons
 b - a +0 dagger
 h - a +3 falchion of flaming
 l - a +1 vampiric glaive (weapon)
Jewellery
 g - a ring of willpower (left hand)
 k - a ring of poison resistance (right hand)
Scrolls
 c - a scroll of teleportation {unknown}
 f - a scroll of amnesia {unknown}
 j - a scroll of brand weapon {unknown}
Potions
 a - a potion of mutation {unknown}
 d - a potion of ambrosia {unknown}
 e - a potion of haste {unknown}
 i - a potion of degeneration {unknown}


   Skills:
 - Level 1.7 Dodging
 - Level 1.7 Stealth
 + Level 3.6 Spellcasting
 * Level 6.3 Ice Magic


You had 7 spell levels left.
You knew the following spells:

 Your Spells              Type           Power      Damage    Failure   Level
a - Freeze                Ice            92%        1d10      1%          1
c - Frozen Ramparts       Ice            46%        1d6       3%          3

Your spell library contained the following spells:

 Spells                   Type           Power      Damage    Failure   Level
 Ozocubu's Armour         Ice            23%        N/A       3%          3
 Beastly Appendage        Tmut           4%         N/A       19%         1
 Wereblood                Tmut           2%         N/A       26%         2
 Hailstorm                Conj/Ice       13%        3d5       43%         4
 Spider Form              Tmut/Pois      1%         N/A       47%         3


Dungeon Overview and Level Annotations

Branches:
Dungeon (5/15)
 Temple: D:4-7

Altars:
Gozag
Okawaru


Innate Abilities, Weirdness & Mutations

Your plain brown scales are hard. (AC +5)
You cannot fit into any form of body armour.
You are cold-blooded and may be slowed by cold attacks.


Message History

Casting: Freeze (safe; 1% risk of failure)
Confirm with . or Enter, or press ? or * to list all spells.
You can't see any susceptible monsters within range! (Use Z to cast anyway.) Magic restored.
You now have 163 gold pieces (gained 4).
Found a glowing glaive.
You see here a +1 vampiric glaive.
l - a +1 vampiric glaive Your +3 falchion of flaming stops flaming.
You feel a sense of dread.
l - a +1 vampiric glaive (weapon)
A wyvern skeleton comes into view.
You reach to attack!
The helpless wyvern skeleton fails to defend itself.
You hit the wyvern skeleton.
The wyvern skeleton is lightly damaged.
The wyvern skeleton barely misses you. The wyvern skeleton bites you.
You slash the wyvern skeleton!
The wyvern skeleton is moderately damaged.
The wyvern skeleton bites you but does no damage.
The wyvern skeleton bites you.
You hit the wyvern skeleton.
The wyvern skeleton is heavily damaged.
The wyvern skeleton bites you. x2
You slash the wyvern skeleton!
The wyvern skeleton is almost destroyed.
The wyvern skeleton bites you! The wyvern skeleton closely misses you.
You are too injured to fight recklessly!
You are too injured to fight recklessly!
You barely miss the wyvern skeleton.
The wyvern skeleton is almost destroyed.
The wyvern skeleton barely misses you. The wyvern skeleton closely misses you.
The wyvern skeleton bites you.
You hit the wyvern skeleton.
The wyvern skeleton is almost destroyed.
The wyvern skeleton bites you!
* * * LOW HITPOINT WARNING * * *
The wyvern skeleton bites you.
You die...
Your body crumbles into a pile of gold.

.# ..# ##..#
####...##
#........
####.....##
##..#......#
#..........#
##.@.......#
#.Z##.#....#
#......#....#
###...####..#
###. #..# ##
###.# #...#
#..## ##..#


You could see a wyvern skeleton.

Vanquished Creatures
  A water moccasin (D:4)
  A scorpion (D:5)
  A bullfrog skeleton (D:5)
  An adder (D:2)
  A worm (D:2)
  2 dart slugs
  5 orcs (D:3)
  5 ball pythons
  5 bats
  3 endoplasms
  2 giant cockroaches
  A goblin (D:1)
  4 hobgoblins
  6 jackals
  2 quokkas (D:1)
  2 frilled lizards (D:2)
  3 kobolds
  5 rats
50 creatures vanquished.

Notes
Turn   | Place    | Note
-------+----------+-------------------------------------------
     0 | D:1      | shoop the Draconian Ice Elementalist began the quest for
                  | the Orb.
     0 | D:1      | Reached XP level 1. HP: 14/14 MP: 3/3
   383 | D:1      | Reached XP level 2. HP: 20/20 MP: 1/5
   669 | D:2      | Reached XP level 3. HP: 25/26 MP: 1/6
  1053 | D:3      | Found an iron altar of Okawaru.
  1298 | D:3      | Learned a level 3 spell: Frozen Ramparts
  1301 | D:3      | Found an opulent altar of Gozag.
  1330 | D:3      | Became a worshipper of Gozag Ym Sagoz the Greedy
  1335 | D:3      | Reached skill level 5 in Ice Magic
  1850 | D:3      | Reached XP level 4. HP: 28/33 MP: 8/8
  1947 | D:4      | Noticed a water moccasin
  1953 | D:4      | Killed a water moccasin
  1954 | D:4      | Reached XP level 5. HP: 38/38 MP: 1/9
  2026 | D:5      | Entered Level 5 of the Dungeon
  2037 | D:5      | Reached skill level 6 in Ice Magic
  2114 | D:5      | HP: 1/38 [wyvern skeleton (12)]
  2114 | D:5      | Slain by a wyvern skeleton

Illustrated notes

Levels and vault maps discovered:
D:1:      minmay_arrival_three_doors, layout_loops_ring, minmay_pentomino_s4
D:2:      layout_loops_cross, shapermc_ecumenical_altar_mp_vishouse
D:3:      layout_loops_ring, okawaru_ov_weapons_minmay,
          mainiacjoe_overflow_brackets
D:4:      layout_loops_corners, mainiacjoe_overflow_cross_hatched,
          minmay_temple_entry_glass, lightli_sewer_entry_pipes
D:5:      wad_crossroads, layout_cave_pools, nicolae_hepliaklqana_hazy_memory,
          lemuel_doored_altar, minivault_26, minmay_tree_intersection

Skill      XL: |  1  2  3  4  5 |
---------------+----------------+-----
Ice Magic      | 5 6 |  6.3
Spellcasting   | 3 |  3.6
Dodging        | |  1.7
Stealth        | |  1.7

Action                   |  1- 3 |  4- 6 || total
-------------------------+-------+-------++-------
Melee: Unarmed           |    13 |       ||    13
       Dagger            |    11 |       ||    11
       Tailslap          |     2 |     1 ||     3
       Falchion          |    10 |     8 ||    18
       Glaive            |       |     6 ||     6
 Cast: Freeze            |    54 |     6 ||    60
       Frozen Ramparts   |     1 |     1 ||     2
 Stab: Sleeping          |     2 |     2 ||     4
Armor: Skin              |    42 |     3 ||    45
Dodge: Dodged            |    56 |    13 ||    69
       Rpst.: Falchion   |     4 |     2 ||     6
